 Dungeon Crawl Stone Soup version 0.31-a0-636-ge1c0e020e0 (webtiles) character file.

Game seed: 15362579320976446621

4951 Twinkles the Cleaver (level 10, -11/93 HPs)
             Began as a Hill Orc Berserker on Aug 27, 2023.
             Was an Elder of Trog.
             Mangled by a catoblepas (14 damage)
             ... while petrified by a catoblepas
             ... on level 8 of the Dungeon.
             The game lasted 00:13:09 (8010 turns).

Twinkles the Cleaver (Hill Orc Berserker)           Turns: 8010, Time: 00:13:09

Health: -11/93     AC: 13    Str: 25    XL:     10   Next: 52%
Magic:  10/10      EV:  2    Int:  7    God:    Trog [****..]
Gold:   230        SH:  0    Dex: 10    Spells: 9/9 levels left

rFire   . . .        a - +0 war axe
rCold   . . .        (no shield)
rNeg    + + +        j - +0 chain mail
rPois   ∞            O - +0 helmet
rElec   .            (no cloak)
rCorr   .            r - +0 pair of gloves
SInv    .            (no boots)
Will    .....        k - amulet of faith Stlth
                     (no ring)
HPRegen 0.35/turn    (no ring)
MPRegen 0.12/turn

%: faith
@: petrified, on berserk cooldown, slowed
A: no striking features
a: Renounce Religion, Berserk, Trog's Hand, Brothers in Arms


You were on level 8 of the Dungeon.
You worshipped Trog.
Trog was greatly pleased with you.
You visited 1 branch of the dungeon, and saw 8 of its levels.
You also visited: Sewer.

You collected 342 gold pieces.
You spent 112 gold pieces at shops.

Inventory:

Hand Weapons
 a - a +0 war axe (weapon)
 b - the +9 sling of Instinct {freeze, *Corrode Int+4}
   (You found it on level 2 of the Dungeon)

   Int+4:     It affects your intelligence (+4).
   *Corrode:  It may corrode you when you take damage.
 i - a +1 heavy flail
 I - a +3 trident of draining
Missiles
 h - 2 throwing nets
Armour
 j - a +0 chain mail (worn)
 r - a +0 pair of gloves (worn)
 s - a +0 animal skin
 u - a +0 troll leather armour {Pargi}
 O - a +0 helmet (worn)
Jewellery
 k - an amulet of faith (around neck)
 D - an amulet of regeneration
 E - a ring of ice
 G - the ring of Optimism {rPois MP+9 Dex-2 Slay+4 SInv}
   (You took it off an orc on level 7 of the Dungeon)

   [ring of see invisible]

   Dex-2:     It affects your dexterity (-2).
   Slay+4:    It affects your accuracy & damage with ranged weapons and melee
   (+4).
   rPois:     It protects you from poison MP+9: It affects your magic capacity
   (+9).
   SInv:      It lets you see invisible.
Wands
 q - a wand of flame (55)
Scrolls
 d - 12 scrolls of identify {unknown}
 e - 6 scrolls of teleportation {unknown}
 f - 3 scrolls of poison {unknown}
 m - a scroll of amnesia {unknown}
 n - 4 scrolls of blinking {unknown}
 p - a scroll of noise {unknown}
 t - 2 scrolls of enchant weapon {unknown}
 y - a scroll of vulnerability {unknown}
 A - 2 scrolls of enchant armour {unknown}
 B - a scroll of brand weapon {unknown}
 C - a scroll of torment {unknown}
 H - a scroll of acquirement {unknown}
 K - a scroll of immolation
Potions
 c - 2 potions of might {unknown}
 g - 2 potions of haste {unknown}
 o - a potion of mutation {unknown}
 v - a potion of ambrosia {unknown}
 x - a potion of berserk rage {unknown}
 F - a potion of degeneration {unknown}
 J - 4 potions of curing
 L - 5 potions of cancellation {unknown}
 M - a potion of brilliance {unknown}
 N - 5 potions of heal wounds
Miscellaneous
 l - a condenser vane
 w - a phial of floods
 z - a box of beasts


   Skills:
 + Level 10.0 Fighting
 + Level 10.8 Axes
 - Level 8.2 Armour
 - Level 6.2 Dodging
 + Level 2.5 Evocations


You had 9 spell levels left.
You didn't know any spells.
Your spell library was empty.

Dungeon Overview and Level Annotations

Branches:
Dungeon (8/15) Zot: 26339  Temple (0/1) D:4           Sewer (visited)
   Lair: D:8-11

Altars:
Gozag
Okawaru
Vehumet

Shops:
D:3 :   D:4 !   D:5 (

Annotations:
D:3 1 runed translucent door, exclusion: statue, NotreDorf's ghost, amateur MfGl
D:4 2 transporters, thirtiethelement's ghost, amateur DsFi


Message History

You are engulfed in calcifying dust.
Your limbs have turned to stone.
The catoblepas breathes a plume of calcifying dust at you.
The blast of calcifying dust hits you but does no damage.
You have turned to stone.
The catoblepas gores you!!
The catoblepas breathes a plume of calcifying dust at you.
The blast of calcifying dust hits you but does no damage.
You are engulfed in calcifying dust.
The catoblepas gores you!
You are engulfed in calcifying dust.
The catoblepas gores you.
You are engulfed in calcifying dust.
The catoblepas completely misses you.
The catoblepas breathes a plume of calcifying dust at you.
The blast of calcifying dust hits you.
You are engulfed in calcifying dust.
The catoblepas barely misses you.
You are engulfed in calcifying dust.
The catoblepas gores you.
You are engulfed in calcifying dust.
The catoblepas gores you.
You are engulfed in calcifying dust.
The catoblepas gores you!!
* * * LOW HITPOINT WARNING * * *
You turn to flesh and can move again.
Unknown command.
You slash the catoblepas!
The catoblepas is moderately wounded.
You are engulfed in calcifying dust.
You are slowing down.
The catoblepas gores you but does no damage.
Unknown command.
You slice the catoblepas!!
The catoblepas is heavily wounded.
You are engulfed in calcifying dust.
The catoblepas gores you!!
* * * LOW HITPOINT WARNING * * *
You slash the catoblepas!
The catoblepas is severely wounded.
You are engulfed in calcifying dust.
Your limbs have turned to stone.
The catoblepas gores you!!
* * * LOW HITPOINT WARNING * * *
You have turned to stone.
The catoblepas gores you!!
* * * LOW HITPOINT WARNING * * *
You are no longer berserk.
You feel yourself slow down. The catoblepas gores you!!
You die...

♣♣♣♣♣♣♣♣♣♣♣
♣......)).♣
♣.♣♣♣♣♣♣♣.♣ .#
♣.♣### ♣.♣ ###.#
♣.♣Q. ♣.♣ ....#
♣.♣Y#' ♣.♣ ....#
♣.♣@# ♣.♣ ....#
♣.♣.# ♣.♣ ....#
♣.♣.####♣.♣
....#
♣.♣.......♣
)...#
♣.♣♣♣♣♣♣♣♣♣.♣
..###
♣...........♣
.)#.#
♣♣♣♣♣.♣♣♣♣♣♣♣
..'.# ### #####
♣.♣######
..#.#♣♣.♣♣
♣...♣♣♣.♣♣....♣#


You could see a catoblepas and a tengu warrior.

Vanquished Creatures
  A two-headed ogre (D:7)
  A cyclops (D:7)
  Jeremiah (D:7)
  A hornet (D:8)
  A slime creature (D:7)
  A wyvern (D:7)
  A wraith (D:8)
  Eustachio (D:5)
  A steam dragon (D:5)
  A water moccasin (D:6)
  3 orc warriors
  4 ice beasts
  Pargi (Sewer)
  A phantom (D:7)
  A centaur (D:5)
  2 kobold brigands (D:7)
  A gnoll sergeant (D:6)
  3 bullfrogs
  2 scorpions
  6 wights
  3 electric eels (D:8)
  2 jellies
  An orc priest (D:7)
  4 hounds
  A sleepcap (D:5)
  2 iguanas
  8 orc wizards
  19 gnolls
  12 adders
  A shadow imp (D:7)
  7 white imps
  An ufetubus (D:4)
  A worm (D:3)
  4 dart slugs
  14 orcs
  4 endoplasms
  2 giant cockroaches
  3 hobgoblins
  3 jackals (D:2)
  4 quokkas (D:2)
  4 ball pythons
  3 bats
  11 frilled lizards
  3 goblins (D:4)
  20 kobolds
  4 rats
175 creatures vanquished.

Notes
Turn   | Place    | Note
-------+----------+-------------------------------------------
     0 | D:1      | Twinkles the Hill Orc Berserker began the quest for the
                  | Orb.
     0 | D:1      | Reached XP level 1. HP: 19/19 MP: 1/1
   200 | D:1      | Reached XP level 2. HP: 27/27 MP: 2/2
   529 | D:2      | HP: 8/27 [poisoned by an adder]
   610 | D:2      | Reached XP level 3. HP: 33/33 MP: 3/3
   622 | D:2      | HP: 13/49 [adder (3)]
   627 | D:2      | HP: 10/49 [poisoned by an adder]
   993 | D:2      | Found a faded altar of an unknown god.
  1247 | D:2      | Reached ** piety under Trog
  1277 | D:2      | Identified the +9 sling of Instinct {freeze, *Corrode
                  | Int+4}
  1299 | D:2      | Reached XP level 4. HP: 33/40 MP: 4/4
  1306 | D:2      | HP: 12/41 [gnoll/+0 flail (1)]
  1661 | D:3      | Found a glowing drain.
  1667 | D:3      | Reached skill level 5 in Axes
  1669 | D:3      | Reached XP level 5. HP: 39/47 MP: 5/5
  1741 | Sewer    | Entered a sewer
  1813 | Sewer    | Noticed Pargi
  1836 | Sewer    | Killed Pargi
  1837 | Sewer    | Reached skill level 5 in Fighting
  1837 | Sewer    | Reached XP level 6. HP: 56/56 MP: 6/6
  2056 | D:3      | Found Rigoal's Book Shoppe.
  2161 | D:3      | Found a runed translucent door.
  2163 | D:3      | Noticed NotreDorf's ghost (amateur MfGl)
  2239 | D:3      | Found a radiant altar of Vehumet.
  2412 | D:4      | Found a transporter.
  2512 | D:4      | Found a staircase to the Ecumenical Temple.
  2515 | D:4      | Reached *** piety under Trog
  2773 | D:4      | Found Girau's Distillery.
  2777 | D:4      | Bought a potion of heal wounds for 70 gold pieces
  2777 | D:4      | Bought a potion of curing for 42 gold pieces
  2878 | D:4      | HP: 13/56 [gnoll/+0 halberd (6)]
  2884 | D:4      | HP: 19/84 [gnoll/+0 halberd (3)]
  3077 | D:4      | Reached XP level 7. HP: 57/61 MP: 7/7
  3203 | D:4      | Found a transporter.
  3266 | D:4      | Noticed thirtiethelement's ghost (amateur DsFi)
  3520 | D:5      | Entered Level 5 of the Dungeon
  3521 | D:5      | Noticed a steam dragon
  3651 | D:5      | Found Xoevoraf's Weapon Shop.
  3684 | D:5      | HP: 17/62 [poisoned by an orc wizard]
  3689 | D:5      | HP: 12/62 [poisoned by an orc wizard]
  3876 | D:5      | Killed a steam dragon
  4328 | D:5      | Noticed Eustachio
  4350 | D:5      | Killed Eustachio
  4351 | D:5      | Reached skill level 5 in Armour
  4441 | D:5      | Identified the +3 ring mail of the Dolphin {rPois Will-
                  | Int+3 Dex+10}
  4478 | D:5      | Found an opulent altar of Gozag.
  4512 | D:5      | Reached XP level 8. HP: 50/71 MP: 8/8
  5311 | D:6      | Reached **** piety under Trog
  5627 | D:6      | HP: 15/73 [ice beast (10)]
  5989 | D:7      | Noticed Jeremiah
  6240 | D:7      | Reached XP level 9. HP: 62/79 MP: 9/9
  6424 | D:7      | Reached skill level 5 in Dodging
  6476 | D:7      | Identified the staff "Zacw" {rPois rF+ Will+ Int-2 Dex+6
                  | Fire}
  6476 | D:7      | Identified the ring of Optimism {rPois MP+9 Dex-2 Slay+4
                  | SInv}
  6643 | D:7      | HP: 20/78 [Jeremiah/divine providence (11)]
  6654 | D:7      | HP: 19/78 [Jeremiah/divine providence (14)]
  6671 | D:7      | Killed Jeremiah
  6803 | D:7      | Found an iron altar of Okawaru.
  6836 | D:7      | Noticed a cyclops
  6851 | D:7      | Killed a cyclops
  7010 | D:7      | Noticed a two-headed ogre
  7017 | D:7      | HP: 22/123 [two-headed ogre/+0 giant club (25)]
  7018 | D:7      | Killed a two-headed ogre
  7019 | D:7      | Reached skill level 10 in Axes
  7019 | D:7      | Reached XP level 10. HP: 20/91 MP: 10/10
  7026 | D:7      | HP: 12/91 [orc warrior/+0 battleaxe (6)]
  7030 | D:7      | HP: 5/91 [slime creature (10)]
  7387 | D:8      | Paralysed by a hornet for 1 turns
  7453 | D:8      | Reached skill level 1 in Evocations
  7822 | D:8      | Reached skill level 10 in Fighting
  7991 | D:8      | Noticed a catoblepas
  7992 | D:8      | Noticed a tengu warrior
  8005 | D:8      | HP: 39/139 [catoblepas (10)]
  8008 | D:8      | HP: 14/139 [catoblepas (12)]
  8009 | D:8      | HP: 4/139 [catoblepas (10)]
  8010 | D:8      | Mangled by a catoblepas

Illustrated notes

Levels and vault maps discovered:
D:1:      heliophobic_arrival_enchanted_forest, layout_basic
D:2:      layout_loops_ring, hellmonk_ecumenical_altar_lost_god
D:3:      layout_rooms, vehumet_statue, ebering_ghost_inner_flame, serial_shops,
          shop, gup_sewer_entry_glass
D:4:      layout_basic, minmay_temple_entry_mini_moons,
          gammafunk_ghost_mausoleum, serial_shops, nicolae_shop_back_alley_shop,
          wad_orctagon
D:5:      layout_layer_cave, mainiacjoe_overflow_cross_hatched, serial_shops,
          nicolae_shop_back_alley_shop, st_stairs_1,
          dreamdust_mushroom_princess, uniq_eustachio
D:6:      layout_basic, hex_intersection, small_statue_intersection
D:7:      nicolae_cairo_tiling_large_dashed, layout_gridville,
          mainiacjoe_overflow_alcove_2, minmay_the_grid_2x2
          [minmay_the_grid_plusring, minmay_the_grid_pillar_ring,
          minmay_the_grid_holed_spiral, minmay_the_grid_prize_trominoes],
          uniq_jeremiah
D:8:      nzn_winding_woodlands_large [nzn_winding_woodlands_5x5_cross,
          nzn_winding_woodlands_5x15_jagged,
          nzn_winding_woodlands_5x5_closed_star,
          nzn_winding_woodlands_center_triple_pond,
          nzn_winding_woodlands_15x15_boxy_spiral,
          nzn_winding_woodlands_center_lodge,
          nzn_winding_woodlands_5x5_open_star,
          nzn_winding_woodlands_5x15_pathside_ponds,
          nzn_winding_woodlands_5x5_three], layout_gridville, serial_undead,
          serial_undead_c, serial_undead_f, serial_undead_f, serial_undead_c,
          serial_bayou_pond_c, hangedman_decor_opposing,
          kennysheep_generic_room_13, uniq_maggie

Skill      XL: |  1  2  3  4  5  6  7  8  9 10 |
---------------+-------------------------------+-----
Fighting       | 4 5 6 7 9 10 | 10.0
Dodging        | 2 3 4 6 |  6.2
Armour         | 3 4 5 6 8 |  8.2
Axes           | 5 6 7 8 10 | 10.8
Evocations     | 2 |  2.5

Action                     |  1- 3 |  4- 6 |  7- 9 | 10-12 || total
---------------------------+-------+-------+-------+-------++-------
  Melee: Hand axe          |   102 |    33 |       |       ||   135
         War axe           |       |       |   108 |    68 ||   176
         Punch             |       |       |     1 |     1 ||     2
   Fire: Sling             |       |    98 |   164 |    28 ||   290
 Invoke: Berserk           |     1 |     2 |     7 |     2 ||    12
         Trog's Hand       |       |     1 |     2 |     1 ||     4
  Evoke: Wand              |       |       |       |     6 ||     6
    Use: Potion            |       |       |       |     1 ||     1
   Stab: Sleeping          |     3 |       |       |       ||     3
 Armour: Animal skin       |     6 |       |       |       ||     6
         Chain mail        |    31 |    74 |   111 |    26 ||   242
  Dodge: Dodged            |    35 |    60 |    85 |    43 ||   223

Table legend: (Time is in decaauts)
 A = Elapsed time spent in this place.
 B = Non-inter-level travel time spent in this place.
 C = Inter-level travel time spent in this place.
 D = Time resting spent in this place.
 E = Time spent auto-exploring this place.
 F = Levels seen in this place.
 G = Mean time per level.
                   A        B        C        D        E       F      G
               +--------+--------+--------+--------+--------+-----+--------+
         Total |   8347 |   8151 |    196 |    354 |   6279 |   9 |  927.4 |
       Dungeon |   8108 |   7912 |    196 |    354 |   6126 |   8 | 1013.5 |
         Sewer |    238 |    238 |      0 |      0 |    153 |   1 |  238.0 |
               +--------+--------+--------+--------+--------+-----+--------+

Top non-repeatable levels by time:
     D:7: 1421 daAuts
     D:5: 1339 daAuts
     D:4: 1235 daAuts
     D:6: 1204 daAuts
     D:2: 1059 daAuts
     D:8: 659 daAuts
     D:3: 597 daAuts
     D:1: 591 daAuts
   Sewer: 238 daAuts
